AoeStats
← Patoown

Arena

509282613Analyzed
1v1 RM · 6d ago on Sep 26, 2026· 71m 39s· 2 players
Game mode
Random Map
Map size
Tiny (2 player)
Population
200
Speed
Normal
Resources
Standard
Victory
Conquest
Starting age
Dark Age
Ending age
Imperial Age
RankedLock teamsTeams togetherTeam positionsShared explorationLock speedFull tech treeHidden civsTurbo modeCheats
Victory
Defeat
🇷🇺 Bohemians · Russia
780
+17
🇨🇱 Turks · Chile
799
-17
Fidel
11:16 Feudal Age
11:38 Horse Collar
11:57 Double-Bit Axe
19:51 Castle Age
18:34 Padded Archer Armor
18:40 Scale Mail Armor
20:58 Bow Saw
20:51 Heavy Plow
21:34 Wheelbarrow
22:01 Pikeman
22:41 Squires
22:03 Man-at-Arms
24:33 Forging
24:14 Fletching
24:39 Leather Archer Armor
25:06 Murder Holes
30:53 Imperial Age
28:46 Masonry
29:03 Ballistics
28:58 Fortified Wall
30:28 Hand Cart
30:12 Elite Skirmisher
31:17 Town Watch
32:24 Conscription
32:12 Hussite Reforms
33:36 Two-Man Saw
34:52 Chemistry
34:32 Fervor
34:45 Sanctity
34:55 Illumination
34:47 Block Printing
37:05 Redemption
38:15 Ring Archer Armor
37:41 Bodkin Arrow
38:03 Chain Mail Armor
39:18 Light Cavalry
42:10 Husbandry
43:32 Bracer
44:03 Plate Mail Armor
44:09 Iron Casting
43:19 Elite Hussite Wagon
60:09 Heavy Scorpion
62:50 Scale Barding Armor
63:47 Blast Furnace
62:31 Halberdier
Patoown
7:20 Loom
10:54 Feudal Age
12:30 Double-Bit Axe
14:47 Horse Collar
16:28 Wheelbarrow
16:45 Wheelbarrow
20:00 Castle Age
18:18 Gold Mining
18:45 Stone Mining
24:38 Gold Shaft Mining
28:06 Imperial Age
26:23 Bow Saw
27:56 Ballistics
29:24 Conscription
30:17 Artillery
31:32 Hand Cart
31:02 Town Watch
31:29 Heavy Plow
32:48 Fletching
32:58 Padded Archer Armor
33:45 Town Patrol
33:56 Bodkin Arrow
34:56 Elite Janissary
37:23 Bracer
37:38 Leather Archer Armor
37:48 Leather Archer Armor
44:39 Ring Archer Armor
48:48 Capped Ram
51:40 Masonry
51:11 Treadmill Crane
53:06 Scale Barding Armor
53:04 Husbandry
56:04 Chain Barding Armor
57:17 Bloodlines
59:18 Plate Barding Armor
58:53 Forging
61:47 Iron Casting
66:12 Architecture
69:27 Blast Furnace
Connection lost

Rejoining the realm…

Still unreachable

The connection could not be restored.

Session expired

The server has moved on; the page needs a fresh start.